AoeStats
← Leto Apor

Arabia

506716074Analyzed
1v1 RM · 18d ago on Sep 14, 2026· 20m 16s· 2 players
Game mode
Random Map
Map size
Tiny (2 player)
Population
200
Speed
Normal
Resources
Standard
Victory
Conquest
Starting age
Dark Age
Ending age
Imperial Age
RankedLock teamsTeams togetherTeam positionsShared explorationLock speedFull tech treeHidden civsTurbo modeCheats
Victory
Defeat
🇷🇴 Chinese · Romania
1739
+15
🇵🇪 Muisca · Peru
1707
-15
DYN_BenderGC
11:34 Feudal Age
13:30 Double-Bit Axe
14:28 Loom
17:58 Horse Collar
Leto Apor
0:27 Loom
8:35 Feudal Age
9:11 Double-Bit Axe
18:16 Castle Age
16:52 Bloodlines
17:44 Scale Barding Armor
17:45 Gold Mining
18:21 Light Cavalry
20:57 Forging
Connection lost

Rejoining the realm…

Still unreachable

The connection could not be restored.

Session expired

The server has moved on; the page needs a fresh start.